 Dungeon Crawl Stone Soup version 0.23.2-1-ga50397a (webtiles) character file.

Game seed: 9973245077557508707

2322 Fang the Skirmisher (level 9, -10/85 HPs)
             Began as a Gargoyle Berserker on May 23, 2019.
             Was an Elder of Trog.
             Mangled by an orc warrior
             ... wielding a +0 glaive
              (19 damage)
             ... on level 7 of the Dungeon.
             The game lasted 00:10:32 (6055 turns).

Fang the Skirmisher (Gargoyle Berserker)            Turns: 6055, Time: 00:10:32

Health: -10/85     AC: 15    Str: 29    XL:     9   Next: 42%
Magic:  9/9        EV: 13    Int: 12    God:    Trog [****..]
Gold:   420        SH:  0    Dex:  9    Spells: 8/8 levels left

rFire    . . .     SeeInvis .   a - +0 hand axe
rCold    . . .     Gourm    .   (no shield)
rNeg     + + .     Faith    .   p - +1 ring mail of Watchfulness {rN+ Regen+ Int+4}
rPois    ∞         Spirit   .   (no helmet)
rElec    +         Reflect  .   (no cloak)
rCorr    +         Harm     .   (no gloves)
MR       .....                  C - +0 pair of boots (curse)
Stlth    ..........             (no amulet)
HPRegen  0.64/turn              e - ring of resist corrosion
MPRegen  0.11/turn              (no ring)

@: berserking, very quick
A: negative energy resistance 1, electricity resistance, unbreathing,
petrification resistance, rot immunity, AC +6
a: Berserk, Trog's Hand, Brothers in Arms, Renounce Religion


You were on level 7 of the Dungeon.
You worshipped Trog.
Trog was greatly pleased with you.
You were hungry.

You visited 1 branch of the dungeon, and saw 7 of its levels.
You also visited: Sewer and Ossuary.

You collected 420 gold pieces.

Inventory:

Hand Weapons
 a - a +0 hand axe (weapon)
Armour
 b - a +0 plate armour
 p - the +1 ring mail of Watchfulness (worn) {rN+ Regen+ Int+4}
   (You found it on level 4 of the Dungeon)

   It affects your intelligence (+4).
   It protects you from negative energy.
   It increases your rate of regeneration.
 C - a cursed +0 pair of boots (worn)
Jewellery
 e - a ring of resist corrosion (left hand)
Wands
 y - a wand of flame (12)
 A - a wand of paralysis (11)
Scrolls
 d - 4 scrolls of remove curse
 g - a scroll of enchant armour {unknown}
 h - a scroll of immolation {unknown}
 i - 7 scrolls of identify {unknown}
 l - 5 scrolls of teleportation {unknown}
 n - 2 scrolls of magic mapping {unknown}
 r - 3 scrolls of fog {unknown}
 u - a scroll of holy word {unknown}
 w - a scroll of random uselessness {unknown}
 x - 2 scrolls of enchant weapon {unknown}
 B - a scroll of fear {unknown}
Potions
 f - 3 potions of might {unknown}
 j - 3 potions of flight {unknown}
 k - a potion of ambrosia {unknown}
 m - a potion of magic {unknown}
 o - 2 potions of agility {unknown}
 q - 3 potions of brilliance {unknown}
 s - a potion of lignification {unknown}
 t - a potion of degeneration {unknown}
 v - a potion of berserk rage {unknown}
 z - a potion of mutation {unknown}
Comestibles
 c - 7 rations


   Skills:
 + Level 7.5 Fighting
 + Level 6.2 Axes
 + Level 7.0 Armour
 + Level 5.3 Dodging


You had 8 spell levels left.
You didn't know any spells.
Your spell library was empty.

Dungeon Overview and Level Annotations

Branches:
Dungeon (7/15)             Temple (0/1) D:5

Altars:
Ashenzari
Nemelex Xobeh
Vehumet

Annotations:
D:5 2 transporters


Innate Abilities, Weirdness & Mutations

You are resistant to torment.
Your stone body is resilient. (AC +6)
You are immune to poison.
You resist negative energy. (rN+)
You are resistant to electric shocks. (rElec)
You can survive without breathing.
You are immune to petrification.
You are immune to rotting.


Message History

The orc warrior hits you from afar with a +0 glaive!!
* * * LOW HITPOINT WARNING * * *
You are too injured to fight recklessly!
You are too injured to fight recklessly!
You are too injured to fight recklessly!
You are too injured to fight recklessly!
You are too injured to fight recklessly!
You are too injured to fight recklessly!
You are too injured to fight recklessly!
You are too injured to fight recklessly!
You are too injured to fight recklessly!
You are too injured to fight recklessly!
A red film seems to cover your vision as you go berserk!
You feel yourself moving faster!
You feel mighty!
You are feeling hungry.
The orc wizard hits you but does no damage. x2
You feel a strong urge to attack something.
The orc hits you but does no damage.
The orc warrior hits you with a +0 glaive!!
You die...

..................<..
#############.######
# #..# .# ### ##.#
##.## ..#
####.####..... #.#
#............. #.##.
#..!...)...... .....
#......o...... #.##
#.....@o...... ..#
#.....o....... ###
#..$..........
######.##..... #..
...## #.. ...# ...
..# .... .#


You could see an orc warrior, an orc wizard and an orc.

Vanquished Creatures
  Pikel (D:6)
  A hungry ghost (D:7)
  2 sky beasts (D:5)
  Purgy (Sewer)
  A black bear (D:6)
  A phantom (D:6)
  2 ogres
  An elf zombie (Ossuary)
  4 bullfrogs
  A crimson imp (D:5)
  A bullfrog zombie (D:7)
  A quasit (D:6)
  A gnoll shaman (D:5)
  2 hounds (D:4)
  An orc priest (D:6)
  3 iguanas
  3 orc wizards
  2 worker ants
  3 mummies (Ossuary)
  5 adders
  13 gnolls
  2 river rats (D:6)
  A shadow imp (D:5)
  An ooze (D:2)
  5 worms
  2 dart slugs
  3 leopard geckos
  8 orcs
  2 ball pythons
  5 giant cockroaches
  7 hobgoblins
  10 jackals
  9 kobolds
  2 quokkas
  5 bats
  8 frilled lizards
  2 gnoll zombies (Ossuary)
  9 goblins
  2 goblin zombies (Ossuary)
  2 hobgoblin zombies (Ossuary)
  4 kobold zombies (Ossuary)
  A leopard gecko skeleton (D:4)
  3 quokka zombies (Ossuary)
  11 rats
  4 rat zombies (Ossuary)
158 creatures vanquished.

Vanquished Creatures (others)
  A bullfrog (D:6)
1 creature vanquished.

Grand Total: 159 creatures vanquished

Notes
Turn   | Place    | Note
-------+----------+-------------------------------------------
     0 | D:1      | Fang the Gargoyle Berserker began the quest for the Orb.
     0 | D:1      | Reached XP level 1. HP: 14/14 MP: 1/1
   460 | D:1      | Reached XP level 2. HP: 14/19 MP: 2/2
   570 | D:1      | Found a sparkling altar of Nemelex Xobeh.
   651 | D:1      | Reached ** piety under Trog
   651 | D:1      | Reached XP level 3. HP: 22/24 MP: 3/3
  1469 | D:2      | Reached XP level 4. HP: 19/29 MP: 4/4
  2084 | D:3      | Found a radiant altar of Vehumet.
  2633 | D:4      | Reached XP level 5. HP: 26/33 MP: 5/5
  3031 | D:4      | Reached XP level 6. HP: 16/39 MP: 6/6
  3043 | D:4      | Reached *** piety under Trog
  3570 | D:5      | Entered Level 5 of the Dungeon
  3591 | D:4      | Got a blackened ring mail
  3602 | D:4      | Identified the +1 ring mail of Watchfulness {rN+ Regen+
                  | Int+4} (You found it on level 4 of the Dungeon)
  3669 | D:5      | Reached skill level 5 in Fighting
  3686 | D:5      | Reached XP level 7. HP: 14/44 MP: 7/7
  3817 | D:5      | Found a staircase to the Ecumenical Temple.
  3877 | D:5      | Found a sand-covered staircase.
  3902 | Ossuary  | Entered an ossuary
  4113 | D:5      | Found a shattered altar of Ashenzari.
  4141 | D:5      | Found a transporter.
  4388 | D:5      | Found a transporter.
  4412 | D:5      | Reached skill level 5 in Armour
  4519 | D:5      | Reached XP level 8. HP: 49/51 MP: 8/8
  4848 | D:6      | Reached skill level 5 in Axes
  5062 | D:6      | Reached **** piety under Trog
  5196 | D:6      | Found a glowing drain.
  5200 | Sewer    | Entered a sewer
  5313 | Sewer    | Noticed Purgy
  5322 | Sewer    | Killed Purgy
  5521 | D:6      | Reached XP level 9. HP: 31/56 MP: 9/9
  5636 | D:6      | Noticed Pikel
  5662 | D:6      | Killed Pikel
  5662 | D:6      | Reached skill level 5 in Dodging
  5812 | D:7      | Paralysed by fainting for 12 turns
  5849 | D:7      | Paralysed by fainting for 12 turns
  6055 | D:7      | Mangled by an orc warrior

Skill      XL: |  1  2  3  4  5  6  7  8  9 |
---------------+----------------------------+-----
Axes           | 3 4 5 6 |  6.2
Dodging        | 2 3 4 5 |  5.3
Armour         | 3 4 5 6 7 |  7.0
Fighting       | 4 5 6 7 |  7.5

Action                   |  1- 3 |  4- 6 |  7- 9 || total
-------------------------+-------+-------+-------++-------
Melee: Hand axe          |   107 |   182 |   530 ||   819
Invok: Berserk           |     2 |     4 |     7 ||    13
       Trog's Hand       |       |     1 |       ||     1
  Use: Scroll            |       |     1 |       ||     1
  Eat: Chunk             |     4 |     6 |    13 ||    23
       Ration            |       |     1 |     4 ||     5
Armor: Animal skin       |    58 |    35 |       ||    93
       Ring mail         |       |    29 |   297 ||   326
Dodge: Dodged            |    90 |   162 |   346 ||   598
